 Dungeon Crawl Stone Soup version 0.21.0 (console) character file.

624 hilaritas the Slicer (level 7, -1/66 HPs)
             Began as a Kobold Berserker on Jan 6, 2018.
             Was a Believer of Trog.
             Slain by an orc wizard
             ... wielding a +0 dagger
              (2 damage)
             ... on level 4 of the Dungeon.
             The game lasted 00:08:12 (3965 turns).

hilaritas the Slicer (Kobold Berserker)             Turns: 3965, Time: 00:08:13

Health: -1/66      AC:  3    Str: 21    XL:     7   Next: 76%
Magic:  7/7        EV: 14    Int:  9    God:    Trog [**....]
Gold:   120        SH:  7    Dex: 14    Spells: 6/6 levels left

rFire    . . .     SeeInvis .   a - +1 short sword
rCold    . . .     Gourm    .   k - +0 buckler
rNeg     . . .     Faith    .   b - +1 animal skin
rPois    .         Spirit   .   (no helmet)
rElec    .         Reflect  +   (no cloak)
rCorr    .         Harm     .   (no gloves)
MR       .....                  (no boots)
Stlth    ..........             i - +2 amulet of reflection
HPRegen  0.21/turn              (no ring)
MPRegen  0.10/turn              (no ring)

@: berserking, slowed
A: small, carnivore
a: Berserk, Trog's Hand, Burn Spellbooks, Renounce Religion


You were on level 4 of the Dungeon.
You worshipped Trog.
Trog was pleased with you.
You were very full.

You visited 1 branch of the dungeon, and saw 4 of its levels.

You collected 120 gold pieces.

Inventory:

Hand Weapons
 a - a +1 short sword (weapon)
Armour
 b - a +1 animal skin (worn)
 k - a +0 buckler (worn)
Jewellery
 i - a +2 amulet of reflection (around neck)
Scrolls
 d - 2 scrolls of remove curse
 f - a scroll of teleportation
 h - a scroll of identify
 j - a scroll of fear
Potions
 e - a potion of berserk rage
 l - a potion of curing
Comestibles
 c - 5 rations


   Skills:
 + Level 5.3 Fighting
 - Level 8.0 Short Blades
 - Level 1.5 Armour
 - Level 2.4 Dodging
 * Level 5.1 Stealth
 * Level 1.3 Shields


You had 6 spell levels left.
You didn't know any spells.

Dungeon Overview and Level Annotations

Branches:
Dungeon (4/15)
 Temple: D:4-7

Altars:
Dithmenos
Nemelex Xobeh


Innate Abilities, Weirdness & Mutations

You are small and have problems with some larger weapons.
You are carnivorous and can eat meat at any time.


Message History

The orc closely misses you.
A giant cockroach comes into view.
Unknown command.
A red film seems to cover your vision as you go berserk!
You feel yourself moving faster!
You feel mighty!
You feel a lot less full.
You hear the brisk rusting of a very distant drain.
The orc closely misses you.
The orc wizard hits you but does no damage.
The orc hits you but does no damage. The orc hits you with a short sword.
* * * LOW HITPOINT WARNING * * *
The orc wizard closely misses you. The orc hits you but does no damage.
You puncture the orc wizard!
The orc wizard is almost dead.
You block the orc's attack.
You closely miss the orc wizard.
The orc wizard is almost dead.
The giant cockroach bites you.
* * * LOW HITPOINT WARNING * * *
The orc wizard hits you with a dagger.
You die...

..... #..#....#.....#
..... #..'....#.....#
......#..######.....#
......#..#.....####.#
......#'##.....# ..#
..............)
............... #
..........###### ..>
##.....††.#....#....
###+#....#.oo.'....
+....'.@o.#
#....#..s.#
#....###### ######


You could see an orc wizard, 2 orcs and a giant cockroach.

Vanquished Creatures
  Sigmund (D:2)
  The ghost of Terandir the Shield-Bearer, an amateur MiFi (D:3)
  A scorpion (D:4)
  2 orc priests (D:3)
  7 adders
  7 gnolls
  2 oozes
  2 worms
  3 leopard geckos
  10 orcs
  6 giant cockroaches
  2 goblins
  8 hobgoblins
  A ball python (D:3)
  A ball python skeleton (D:4)
  3 bats
  2 frilled lizards (D:2)
  4 kobolds
  4 rats
67 creatures vanquished.

Vanquished Creatures (others)
  A scorpion (D:4)
  A leopard gecko (D:4)
  An orc (D:4)
  A quokka (D:4)
4 creatures vanquished.

Grand Total: 71 creatures vanquished

Notes
Turn   | Place    | Note
-------+----------+-------------------------------------------
     0 | D:1      | hilaritas the Kobold Berserker began the quest for the Orb.
     0 | D:1      | Reached XP level 1. HP: 14/14 MP: 1/1
   299 | D:1      | Reached XP level 2. HP: 16/19 MP: 2/2
  1001 | D:2      | Reached skill level 1 in Stealth
  1001 | D:2      | Reached XP level 3. HP: 12/24 MP: 3/3
  1008 | D:2      | Reached skill level 5 in Short Blades
  1562 | D:2      | Reached XP level 4. HP: 14/29 MP: 4/4
  1640 | D:2      | Reached ** piety under Trog
  1900 | D:2      | Noticed Sigmund
  1919 | D:2      | Killed Sigmund
  1919 | D:2      | Reached skill level 7 in Short Blades
  1919 | D:2      | Reached XP level 5. HP: 34/34 MP: 5/5
  1919 | D:2      | Reached XP level 6. HP: 39/39 MP: 6/6
  2424 | D:2      | Found a shadowy altar of Dithmenos.
  2428 | D:2      | Found a sparkling altar of Nemelex Xobeh.
  2915 | D:3      | Reached skill level 8 in Short Blades
  2915 | D:3      | Reached XP level 7. HP: 15/44 MP: 7/7
  2948 | D:3      | Noticed Terandir's ghost (amateur MiFi)
  2978 | D:3      | Killed Terandir's ghost
  2978 | D:3      | Reached skill level 5 in Fighting
  2978 | D:3      | Reached skill level 1 in Shields
  3937 | D:4      | HP: 1/44 [scorpion (9)]
  3947 | D:4      | Reached skill level 5 in Stealth
  3963 | D:4      | HP: 2/66 [orc/short sword (5)]
  3965 | D:4      | Slain by an orc wizard

Skill      XL: |  1  2  3  4  5  6  7 |
---------------+----------------------+-----
Stealth        | 1 2 3 5 |  5.1
Short Blades   | 5 7 8 |  8.0
Fighting       | 4 5 |  5.3
Shields        | 1 |  1.3
Armour         | |  1.5
Dodging        | |  2.4

Action                   |  1- 3 |  4- 6 |  7- 9 || total
-------------------------+-------+-------+-------++-------
Melee: Short sword       |    73 |   141 |    99 ||   313
Invok: Trog's Hand       |       |     3 |     2 ||     5
       Berserk           |       |     2 |     3 ||     5
  Use: Scroll            |     5 |     3 |     3 ||    11
       Potion            |       |       |     2 ||     2
 Stab: Sleeping          |     2 |     1 |       ||     3
       Invisible         |       |       |     2 ||     2
       Distracted        |       |       |     1 ||     1
  Eat: Chunk             |    10 |     7 |     5 ||    22
Armor: Animal skin       |     9 |     4 |    10 ||    23
Dodge: Dodged            |    60 |    70 |    49 ||   179
Block: Buckler           |       |       |    17 ||    17
